 Dungeon Crawl Stone Soup version 0.26-a0-524-g073066f631 (webtiles) character file.

Game seed: 6948934316190197742

2417 ReteAZ the Unseen (level 9, -1/50 HPs)
             Began as a Kobold Brigand on Aug 13, 2020.
             Was a Believer of Dithmenos.
             Killed from afar by an orc wizard (8 damage)
             ... with a puff of frost
             ... on level 7 of the Dungeon.
             The game lasted 00:17:49 (10413 turns).

ReteAZ the Unseen (Kobold Brigand)                 Turns: 10413, Time: 00:17:49

Health: -1/50      AC:  6    Str:  8    XL:     9   Next: 76%
Magic:  9/9        EV: 15    Int: 13    God:    Dithmenos [**....]
Gold:   380        SH:  0    Dex: 19    Spells: 8/8 levels left

rFire    . . .     SeeInvis .   a - +3 dagger
rCold    . . .     Faith    .   (shield restricted)
rNeg     . . .     Spirit   .   G - +0 leather armour
rPois    .         Reflect  .   (no helmet)
rElec    .         Harm     .   c - +0 cloak
rCorr    .                      m - +0 pair of gloves
MR       .....                  f - +0 pair of boots
Stlth    ++++++++++             (no amulet)
HPRegen  0.16/turn              r - ring of stealth
MPRegen  0.11/turn              (no ring)

@: wreathed by umbra
A: small, nightstalker 3
a: Shadow Step, Renounce Religion


You were on level 7 of the Dungeon.
You worshipped Dithmenos.
Dithmenos was pleased with you.
You visited 2 branches of the dungeon, and saw 8 of its levels.
You also visited: Sewer.

You collected 380 gold pieces.

Inventory:

Hand Weapons
 a - a +3 dagger (weapon)
 y - a +1 dagger of freezing
Missiles
 d - 45 poisoned darts (quivered)
 e - 2 curare-tipped darts
 A - 2 throwing nets
Armour
 b - a +0 robe
 c - a +0 cloak (worn)
 f - a +0 pair of boots (worn)
 m - a +0 pair of gloves (worn)
 B - +0 fire dragon scales
 G - a +0 leather armour (worn)
Jewellery
 r - a ring of stealth (left hand)
Scrolls
 g - 3 scrolls of fear {unknown}
 h - 6 scrolls of teleportation
 i - a scroll of noise {unknown}
 j - 2 scrolls of enchant weapon
 o - a scroll of fog
 p - 2 scrolls of magic mapping {unknown}
 q - 3 scrolls of immolation {unknown}
 t - 5 scrolls of identify {unknown}
 x - a scroll of blinking {unknown}
 D - a scroll of enchant armour {unknown}
 E - a scroll of amnesia {unknown}
Potions
 k - 5 potions of heal wounds {unknown}
 l - a potion of might {unknown}
 n - 3 potions of lignification {unknown}
 s - a potion of curing {unknown}
 u - 5 potions of stabbing {unknown}
 v - 3 potions of flight {unknown}
 w - 3 potions of invisibility {unknown}
 z - a potion of mutation {unknown}
 C - a potion of magic {unknown}


   Skills:
 - Level 3.0 Fighting
 - Level 4.0 Short Blades
 - Level 3.0 Throwing
 - Level 3.0 Dodging
 * Level 16.2 Stealth


You had 8 spell levels left.
You didn't know any spells.
Your spell library contained the following spells:

 Spells                   Type           Power        Failure   Level
 Confusing Touch          Hex            #.......     80%         3
 Gell's Gravitas          Tloc           #.........   80%         3
 Petrify                  Tmut/Erth      #.......     99%         4
 Metabolic Englaciation   Hex/Ice        #.........   100%        5
 Yara's Violent Unravell  Hex/Tmut       #.........   100%        5


Dungeon Overview and Level Annotations

Branches:
Dungeon (7/15)             Temple (1/1) D:4           Sewer (visited)

Altars:
Ashenzari
Cheibriados
Dithmenos
Elyvilon
Fedhas
Gozag
Hepliaklqana
Kikubaaqudgha
Makhleb
Okawaru
Ru
Sif Muna
Trog
Uskayaw
Vehumet
Wu Jian
Xom
Yredelemnul
Zin
The Shining One

Annotations:
D:4 Pikel


Innate Abilities, Weirdness & Mutations

You are small and have problems with some larger weapons.
You are completely attuned to the shadows.


Message History

The orc priest completely misses you.
You completely miss the orc priest.
The orc priest is moderately wounded.
The orc wizard barely misses you.
The orc priest calls down the wrath of Beogh upon you.
Beogh smites you!
You closely miss the orc priest.
The orc priest is moderately wounded.
The orc wizard gestures wildly while chanting.
The orc wizard seems to speed up.
The orc priest looks braver for a moment.
The orc priest looks braver for a moment.
The orc wizard casts a spell at you. The puff of flame hits you!
The orc wizard points at you and mumbles some strange words.
The puff of frost hits you!
* * * LOW HITPOINT WARNING * * *
The orc wizard gestures at you while chanting.
The puff of frost hits you!
You die...

##########
#.#......#
#<#......#
#.'......#
#.#......#
###..#.### #######
#.(..#.# #.....#
#.##...#
#.....####...@###
#........###..#
#........# #.o#
####........# ##.#
............####o# #
#####..........).#.#
#.....####.....# .
..... ..>...#.# . ..
##..#...#


You could see an orc priest and an orc wizard (fast).

Vanquished Creatures
  Prince Ribbit (D:6)
  An orc warrior (D:6)
  A sky beast (D:5)
  3 ogres
  A phantom (D:6)
  2 ice beasts
  A necrophage (D:7)
  A lemure (D:3)
  A centaur (D:6)
  A bullfrog (D:6)
  An elf skeleton (D:7)
  3 scorpions
  A wight (D:7)
  3 howler monkeys
  4 crimson imps
  2 jellies
  A bullfrog skeleton (D:4)
  2 human zombies (D:7)
  An orc priest (D:5)
  2 human skeletons (D:7)
  3 worker ants
  4 orc wizards
  An ogre skeleton (D:7)
  A hound skeleton (D:4)
  A mummy (D:7)
  A worker ant zombie (D:6)
  8 gnolls
  8 adders
  4 shadow imps
  2 white imps
  2 oozes
  An ufetubus (D:5)
  An adder skeleton (D:5)
  3 worms
  9 leopard geckos
  11 orcs
  A ball python (D:1)
  8 bats
  8 giant cockroaches
  3 goblins (D:2)
  3 hobgoblins
  9 jackals
  2 quokkas
  4 frilled lizards
  6 kobolds
  A leopard gecko skeleton (D:4)
  A quokka skeleton (D:4)
  2 rats
141 creatures vanquished.

Notes
Turn   | Place    | Note
-------+----------+-------------------------------------------
     0 | D:1      | ReteAZ the Kobold Brigand began the quest for the Orb.
     0 | D:1      | Reached XP level 1. HP: 12/12 MP: 1/1
   462 | D:1      | Reached XP level 2. HP: 18/18 MP: 2/2
  1067 | D:2      | Found a faded altar of an unknown god.
  1475 | D:2      | Reached XP level 3. HP: 22/22 MP: 3/3
  2227 | D:2      | Reached XP level 4. HP: 22/27 MP: 4/4
  2631 | D:3      | Found a glowing drain.
  2637 | Sewer    | Entered a sewer
  2659 | Sewer    | Reached skill level 6 in Stealth
  2852 | Sewer    | Reached XP level 5. HP: 32/32 MP: 5/5
  3700 | D:4      | Found a shimmering altar of Xom.
  3737 | D:3      | Reached skill level 7 in Stealth
  3975 | D:4      | Reached XP level 6. HP: 30/37 MP: 6/6
  4255 | D:4      | Reached skill level 8 in Stealth
  4300 | D:4      | Noticed Pikel
  4504 | D:4      | Reached skill level 9 in Stealth
  4512 | D:4      | Found a staircase to the Ecumenical Temple.
  4518 | Temple   | Entered the Ecumenical Temple
  4805 | Temple   | Became a worshipper of Dithmenos the Shadowed
  4892 | D:4      | Reached XP level 7. HP: 39/41 MP: 7/7
  5787 | D:4      | Reached skill level 10 in Stealth
  6135 | D:5      | Entered Level 5 of the Dungeon
  6200 | D:5      | Found a glowing silver altar of Zin.
  6315 | D:5      | Found a blossoming altar of Fedhas.
  6361 | D:5      | Reached skill level 11 in Stealth
  6361 | D:5      | Reached XP level 8. HP: 46/46 MP: 8/8
  6367 | D:5      | Reached * piety under Dithmenos
  6505 | D:5      | Found a sacrificial altar of Ru.
  6509 | D:5      | Reached skill level 12 in Stealth
  7576 | D:6      | Found an opulent altar of Gozag.
  7582 | D:6      | Reached skill level 13 in Stealth
  8072 | D:6      | Noticed Prince Ribbit
  8076 | D:6      | Killed Prince Ribbit
  8076 | D:6      | Reached skill level 14 in Stealth
  8076 | D:6      | Reached XP level 9. HP: 50/50 MP: 9/9
  8212 | D:6      | Found Gozag's Platinum Reserve.
  9032 | D:6      | Reached ** piety under Dithmenos
  9211 | D:6      | Reached skill level 15 in Stealth
  9844 | D:7      | Found an ornate altar of the Wu Jian Council.
 10068 | D:7      | Reached skill level 16 in Stealth
 10078 | D:7      | Found a basalt altar of Yredelemnul.
 10413 | D:7      | Killed from afar by an orc wizard

Illustrated notes

Levels and vault maps discovered:
D:1:      tarquinn_simple_flora_water_e, layout_loops_ring
D:2:      layout_basic, chequers_ecumenical_altar_simple_redux,
          palyth_stone_intersect
D:3:      layout_loops_ring, portal_sewer_entry_f
D:4:      cheibrodos_quashed, layout_layer_cave, led_xom_imps,
          minmay_temple_entry_fiery, uniq_pikel
D:5:      minmay_spotlight, layout_cave_pools, kennysheep_mini_moat,
          nicolae_ru_sacrificial_ziggurat, basic_altar
D:6:      minmay_bubble_buster, layout_cave_pods,
          nicolae_gozag_zags_fifth_avenue, nicolae_ossuary_entry_plus,
          uniq_prince_ribbit1
D:7:      layout_basic, lemuel_crystal_altar, lemuel_mausoleum_altar_yredelemnul
Temple:   minmay_temple_curvy_branch

Skill      XL: |  1  2  3  4  5  6  7  8  9 |
---------------+----------------------------+-----
Short Blades   | 3 4 |  4.0
Dodging        | 2 3 |  3.0
Fighting       | 3 |  3.0
Throwing       | 3 |  3.0
Stealth        | 6 7 9 11 14 16 | 16.2

Action                   |  1- 3 |  4- 6 |  7- 9 || total
-------------------------+-------+-------+-------++-------
Melee: Dagger            |    71 |   190 |   424 ||   685
Throw: Dart              |     5 |    16 |    13 ||    34
  Use: Scroll            |       |     5 |     1 ||     6
 Stab: Sleeping          |    12 |    12 |    47 ||    71
       Distracted        |       |     1 |     1 ||     2
Armor: Robe              |     7 |    29 |    18 ||    54
       Leather armour    |       |       |    20 ||    20
Dodge: Dodged            |    40 |   121 |   242 ||   403

Table legend: (Time is in decaauts)
 A = Elapsed time spent in this place.
 B = Non-inter-level travel time spent in this place.
 C = Inter-level travel time spent in this place.
 D = Time resting spent in this place.
 E = Time spent auto-exploring this place.
 F = Levels seen in this place.
 G = Mean time per level.
                   A        B        C        D        E       F      G
               +--------+--------+--------+--------+--------+-----+--------+
         Total |  10435 |  10034 |    401 |   2669 |   5064 |   9 | 1159.4 |
       Dungeon |   9433 |   9052 |    381 |   2569 |   4417 |   7 | 1347.6 |
        Temple |    295 |    275 |     20 |      0 |    273 |   1 |  295.0 |
         Sewer |    706 |    706 |      0 |    100 |    374 |   1 |  706.0 |
               +--------+--------+--------+--------+--------+-----+--------+

Top non-repeatable levels by time:
     D:4: 1806 daAuts
     D:5: 1562 daAuts
     D:6: 1556 daAuts
     D:3: 1273 daAuts
     D:1: 1186 daAuts
     D:2: 1171 daAuts
     D:7: 876 daAuts
   Sewer: 706 daAuts
  Temple: 295 daAuts
